PIO (24 & UNDER)
SALEM SLEDGEHAMMERS @ SURREY SINNERS
04/30/2027
 
TOP OF THE 1ST
Salem Sledgehammers batting - Pitching for Surrey Sinners : RHP Juan Rojas
Pitching: RHP Juan Rojas
Batting: RHB Luis Bustamante 0-0: Ground out 1-3 (Groundball, P)
Batting: SHB Enrique Uribe 0-0: Foul Ball, location: 2F
0-1: Foul Ball, location: 2F
0-2: Ball
1-2: Ball
2-2: Strikes out looking
Batting: LHB Nathan Frey 0-0: Called Strike
0-1: Fly out, F1 (Line Drive, 13)
Top of the 1st over - 0 run(s), 0 hit(s), 0 error(s), 0 left on base; Salem 0 - Surrey 0
BOTTOM OF THE 1ST
Surrey Sinners batting - Pitching for Salem Sledgehammers : RHP Isaac Pope
Pitching: RHP Isaac Pope
Batting: LHB Juan Hinojosa 0-0: Swinging Strike
0-1: Bunt for hit - play at first, batter OUT! 5-3
Batting: LHB Iván Espinosa 0-0: Fly out, F6 (Line Drive, 56)
Batting: RHB Ramón Molina 0-0: Ball
1-0: Fly out, F9 (Flyball, 9S)
Bottom of the 1st over - 0 run(s), 0 hit(s), 0 error(s), 0 left on base; Salem 0 - Surrey 0
TOP OF THE 2ND
Salem Sledgehammers batting - Pitching for Surrey Sinners : RHP Juan Rojas
Batting: SHB Richard Griffin 0-0: Swinging Strike
0-1: Foul Ball, location: 2F
0-2: Strikes out looking
Batting: RHB Bobby Miller 0-0: SINGLE (Groundball, 6MD)
Batting: RHB Patrick Daniels 0-0: Called Strike
0-1: Swinging Strike
0-2: Strikes out looking
Batting: RHB Gilberto Silva 0-0: Called Strike
0-1: Swinging Strike
0-2: Ball
Bobby Miller is caught stealing 2nd base
Top of the 2nd over - 0 run(s), 1 hit(s), 0 error(s), 0 left on base; Salem 0 - Surrey 0
BOTTOM OF THE 2ND
Surrey Sinners batting - Pitching for Salem Sledgehammers : RHP Isaac Pope
Batting: LHB Randy Wiggins 0-0: Called Strike
0-1: Ball
1-1: Called Strike
1-2: Strikes out swinging
Batting: RHB Clint Younger 0-0: Ball
1-0: Called Strike
1-1: Fly out, F2 (Popup, 25)
Batting: LHB José Blanco 0-0: Called Strike
0-1: Called Strike
0-2: Ball
1-2: Ball
2-2: Ball
3-2: Strikes out swinging
Bottom of the 2nd over - 0 run(s), 0 hit(s), 0 error(s), 0 left on base; Salem 0 - Surrey 0
TOP OF THE 3RD
Salem Sledgehammers batting - Pitching for Surrey Sinners : RHP Juan Rojas
Batting: RHB Gilberto Silva 0-0: Ball
1-0: Ball
2-0: SINGLE (Flyball, 89S)
Batting: LHB Caleb Hall 0-0: Foul Ball, location: 2F
0-1: Ball
1-1: Ball
2-1: Ball
3-1: Foul Ball, location: 2F
3-2: Strikes out swinging
Batting: RHB Lakota O'Reilly 0-0: Ball
1-0: Called Strike
1-1: Ball
2-1: Foul Ball, location: 2F
2-2: Strikes out swinging
Batting: RHB Luis Bustamante 0-0: Ball
1-0: Called Strike
1-1: Ball
2-1: Foul Ball, location: 2F
2-2: Fly out, F8 (Flyball, 8RD)
Top of the 3rd over - 0 run(s), 1 hit(s), 0 error(s), 1 left on base; Salem 0 - Surrey 0
BOTTOM OF THE 3RD
Surrey Sinners batting - Pitching for Salem Sledgehammers : RHP Isaac Pope
Batting: LHB Robert Atkins 0-0: Fly out, F7 (Flyball, 78M)
Batting: RHB Daniel Santiago 0-0: Ball
1-0: Ground out 5-3 (Groundball, 5D)
Batting: RHB Robert Koremans 0-0: Swinging Strike
0-1: Ball
1-1: Foul Ball, location: 2F
1-2: Ball
2-2: Foul Ball, location: 2F
2-2: Ball
3-2: Strikes out looking
Bottom of the 3rd over - 0 run(s), 0 hit(s), 0 error(s), 0 left on base; Salem 0 - Surrey 0
TOP OF THE 4TH
Salem Sledgehammers batting - Pitching for Surrey Sinners : RHP Juan Rojas
Batting: SHB Enrique Uribe 0-0: Ball
1-0: Ball
2-0: Called Strike
2-1: Ball
3-1: Swinging Strike
3-2: Foul Ball, location: 2F
3-2: DOUBLE (Line Drive, 89D)
Batting: LHB Nathan Frey 0-0: Ball
1-0: Swinging Strike
1-1: Called Strike
1-2: Strikes out swinging
Batting: SHB Richard Griffin 0-0: Called Strike
0-1: Ball
1-1: Fly out, F8 (Line Drive, 8RS)
Batting: RHB Bobby Miller 0-0: Called Strike
0-1: Ball
1-1: Ball
2-1: Ground out 5-3 (Groundball, 5L)
Top of the 4th over - 0 run(s), 1 hit(s), 0 error(s), 1 left on base; Salem 0 - Surrey 0
BOTTOM OF THE 4TH
Surrey Sinners batting - Pitching for Salem Sledgehammers : RHP Isaac Pope
Batting: LHB Juan Hinojosa 0-0: Called Strike
0-1: Ball
1-1: Ball
2-1: Ground out 6-3 (Groundball, 56)
Batting: LHB Iván Espinosa 0-0: Ball
1-0: Ball
2-0: Foul Ball, location: 2F
2-1: SOLO HOME RUN (Line Drive, 89XD), Distance : 410 ft
Batting: RHB Ramón Molina 0-0: Ball
1-0: Ball
2-0: Foul Ball, location: 2F
2-1: Ball
3-1: Swinging Strike
3-2: Base on Balls
Batting: LHB Randy Wiggins 0-0: Called Strike
0-1: Fielders Choice at 2nd, 6-4 (Groundball, 6M)
Batting: RHB Clint Younger 0-0: Called Strike
0-1: Ball
1-1: Ball
2-1: Foul Ball, location: 2F
2-2: Ball
3-2: Strikes out swinging
Bottom of the 4th over - 1 run(s), 1 hit(s), 0 error(s), 1 left on base; Salem 0 - Surrey 1
TOP OF THE 5TH
Salem Sledgehammers batting - Pitching for Surrey Sinners : RHP Juan Rojas
Batting: RHB Patrick Daniels 0-0: Called Strike
0-1: Foul Ball, location: 2F
0-2: Fly out, F8 (Flyball, 8RS)
Batting: RHB Gilberto Silva 0-0: Ball
1-0: Swinging Strike
1-1: Foul Ball, location: 2F
1-2: Strikes out looking
Batting: LHB Caleb Hall 0-0: Called Strike
0-1: Foul Ball, location: 2F
0-2: Ball
1-2: Ball
2-2: Foul Ball, location: 2F
2-2: DOUBLE (Flyball, 89D) - OUT at third base trying to stretch hit.
Top of the 5th over - 0 run(s), 1 hit(s), 0 error(s), 0 left on base; Salem 0 - Surrey 1
BOTTOM OF THE 5TH
Surrey Sinners batting - Pitching for Salem Sledgehammers : RHP Isaac Pope
Batting: LHB José Blanco 0-0: Ball
1-0: Swinging Strike
1-1: Called Strike
1-2: Strikes out swinging
Batting: LHB Robert Atkins 0-0: Ground out 6-3 (Groundball, 6S)
Batting: RHB Daniel Santiago 0-0: Called Strike
0-1: Swinging Strike
0-2: Ball
1-2: Foul Ball, location: 2F
1-2: Ball
2-2: Strikes out looking
Bottom of the 5th over - 0 run(s), 0 hit(s), 0 error(s), 0 left on base; Salem 0 - Surrey 1
TOP OF THE 6TH
Salem Sledgehammers batting - Pitching for Surrey Sinners : RHP Juan Rojas
Batting: RHB Lakota O'Reilly 0-0: Ball
1-0: Ball
2-0: Foul Ball, location: 2F
2-1: Swinging Strike
2-2: Ball
3-2: Foul Ball, location: 2F
3-2: Strikes out swinging
Batting: RHB Luis Bustamante 0-0: Ball
1-0: Ball
2-0: Ball
3-0: Base on Balls
Batting: SHB Enrique Uribe 0-0: Called Strike
0-1: Called Strike
0-2: Fielders Choice at 2nd, 1-6 (Groundball, 13)
Batting: LHB Nathan Frey 0-0: Ball
1-0: Called Strike
Enrique Uribe steals 2nd base
1-1: Ball
2-1: Ball
3-1: Called Strike
3-2: SINGLE (Groundball, 6MD)
Enrique Uribe to third
Enrique Uribe scores
Pitching: RHP Ernest Ware
Batting: SHB Richard Griffin 0-0: Hit by Pitch
Nathan Frey to second
Pinch Runner at 2nd José García:
Batting: RHB Bobby Miller 0-0: SINGLE (Groundball, 6D)
José García to third
Richard Griffin to second
Runner from 3rd tries for Home, SAFE, no throw
Pinch Runner at 2nd Donovan James:
Batting: RHB Patrick Daniels 0-0: Ball
1-0: Called Strike
1-1: Ball
2-1: Foul Ball, location: 2F
2-2: Strikes out swinging
Top of the 6th over - 2 run(s), 2 hit(s), 0 error(s), 2 left on base; Salem 2 - Surrey 1
BOTTOM OF THE 6TH
Surrey Sinners batting - Pitching for Salem Sledgehammers : RHP Isaac Pope
Now in RF: Júlio Salazar
Batting: RHB Robert Koremans 0-0: Swinging Strike
0-1: Fly out, F7 (Flyball, 7LS)
Batting: LHB Juan Hinojosa 0-0: Called Strike
0-1: Ball
1-1: Ground out 1-3 (Groundball, 15S)
Batting: LHB Iván Espinosa 0-0: Ball
1-0: Swinging Strike
1-1: Ground out 3-1 (Groundball, 34)
Bottom of the 6th over - 0 run(s), 0 hit(s), 0 error(s), 0 left on base; Salem 2 - Surrey 1
TOP OF THE 7TH
Salem Sledgehammers batting - Pitching for Surrey Sinners : RHP Ernest Ware
Batting: RHB Gilberto Silva 0-0: Ball
1-0: Ball
2-0: Called Strike
2-1: Ball
3-1: Fly out, F6 (Line Drive, 6)
Batting: LHB Caleb Hall 0-0: Foul Ball, location: 2F
0-1: Ball
1-1: Called Strike
1-2: Ball
2-2: Foul Ball, location: 2F
2-2: Ball
3-2: Strikes out swinging
Batting: RHB Lakota O'Reilly 0-0: Ball
1-0: Ball
2-0: Swinging Strike
2-1: Ball
3-1: Base on Balls
Batting: RHB Luis Bustamante 0-0: Ball
1-0: Ball
2-0: Called Strike
2-1: Ball
3-1: Swinging Strike
3-2: Strikes out swinging
Top of the 7th over - 0 run(s), 0 hit(s), 0 error(s), 1 left on base; Salem 2 - Surrey 1
BOTTOM OF THE 7TH
Surrey Sinners batting - Pitching for Salem Sledgehammers : RHP Isaac Pope
Batting: RHB Ramón Molina 0-0: Ball
1-0: Swinging Strike
1-1: Swinging Strike
1-2: Strikes out swinging
Batting: LHB Randy Wiggins 0-0: Called Strike
0-1: Ball
1-1: Ball
2-1: Ground out 4-3 (Groundball, 4)
Batting: RHB Clint Younger 0-0: Swinging Strike
0-1: Foul Ball, location: 2F
0-2: Ball
1-2: Ball
2-2: Ball
3-2: Foul Ball, location: 2F
3-2: Foul Ball, location: 2F
3-2: Fly out, F7 (Flyball, 78S)
Bottom of the 7th over - 0 run(s), 0 hit(s), 0 error(s), 0 left on base; Salem 2 - Surrey 1
TOP OF THE 8TH
Salem Sledgehammers batting - Pitching for Surrey Sinners : RHP Ernest Ware
Batting: SHB Enrique Uribe 0-0: Called Strike
0-1: SINGLE (Line Drive, 6MD)
Batting: RHB José García 0-0: Ball
1-0: Swinging Strike
1-1: Ball
2-1: Swinging Strike
2-2: Hit by Pitch
Enrique Uribe to second
Batting: SHB Júlio Salazar 0-0: Swinging Strike
0-1: Foul Ball, location: 2F
0-2: Ball
1-2: Ball
2-2: Strikes out swinging
Batting: RHB Bobby Miller 0-0: SINGLE (Groundball, 6) (infield hit)
Enrique Uribe to third
José García to second
Batting: RHB Patrick Daniels 0-0: Ball
1-0: Ball
2-0: Ball
3-0: Called Strike
3-1: Fly out, F7 (Flyball, 7S)
Batting: RHB Gilberto Silva 0-0: Swinging Strike
0-1: Ball
1-1: Called Strike
1-2: Ball
2-2: Ball
3-2: SINGLE (Flyball, 89S)
Enrique Uribe scores
José García to third
Bobby Miller to second
José García scores
Bobby Miller to third
Pitching: LHP Scott Davis
Batting: LHB Caleb Hall 0-0: Called Strike
0-1: Ball
1-1: DOUBLE (Line Drive, 5D)
Bobby Miller scores
Gilberto Silva to third
Batting: RHB Lakota O'Reilly 0-0: Ball
1-0: Swinging Strike
1-1: Foul Ball, location: 2F
1-2: Strikes out swinging
Top of the 8th over - 3 run(s), 4 hit(s), 0 error(s), 2 left on base; Salem 5 - Surrey 1
BOTTOM OF THE 8TH
Surrey Sinners batting - Pitching for Salem Sledgehammers : RHP Isaac Pope
Pitching: LHP Alberto Pagán
Batting: LHB José Blanco 0-0: Swinging Strike
0-1: Ball
1-1: Foul Ball, location: 2F
1-2: Strikes out looking
Batting: LHB Robert Atkins 0-0: Ball
1-0: Called Strike
1-1: Foul Ball, location: 2F
1-2: Ground out 4-3 (Groundball, 4S)
Batting: RHB Daniel Santiago 0-0: Swinging Strike
0-1: Ball
1-1: Foul Ball, location: 2F
1-2: Strikes out swinging
Bottom of the 8th over - 0 run(s), 0 hit(s), 0 error(s), 0 left on base; Salem 5 - Surrey 1
TOP OF THE 9TH
Salem Sledgehammers batting - Pitching for Surrey Sinners : LHP Scott Davis
Batting: RHB Luis Bustamante 0-0: Ball
1-0: Called Strike
1-1: Ball
2-1: Swinging Strike
2-2: Strikes out swinging
Batting: SHB Enrique Uribe 0-0: Ball
1-0: Swinging Strike
1-1: Foul Ball, location: 2F
1-2: Foul Ball, location: 2F
1-2: Ball
2-2: Strikes out looking
Batting: RHB José García 0-0: Called Strike
0-1: DOUBLE (Line Drive, 9LS)
Batting: SHB Júlio Salazar 0-0: Ground out 6-3 (Groundball, 6M)
Top of the 9th over - 0 run(s), 1 hit(s), 0 error(s), 1 left on base; Salem 5 - Surrey 1
BOTTOM OF THE 9TH
Surrey Sinners batting - Pitching for Salem Sledgehammers : LHP Alberto Pagán
Batting: RHB Robert Koremans 0-0: Ground out 5-3 (Groundball, 56)
Batting: LHB Juan Hinojosa 0-0: Ball
1-0: Called Strike
1-1: Ball
2-1: Ball
3-1: Called Strike
3-2: Base on Balls
Batting: LHB Iván Espinosa 0-0: Ball
1-0: Called Strike
1-1: Fly out, F8 (Flyball, 8LD)
Batting: RHB Ramón Molina 0-0: Called Strike
0-1: Foul Ball, location: 2F
0-2: Ball
1-2: Ball
2-2: Fielders Choice at 2nd, 4-6 (Groundball, 4)
Bottom of the 9th over - 0 run(s), 0 hit(s), 0 error(s), 0 left on base; Salem 5 - Surrey 1
Thursday, March 30th, 2017 - OOTP Baseball 17.12 Build 75